 Dungeon Crawl Stone Soup version 0.27.1 (webtiles) character file.

Game seed: 11629961121239977596

359 r3algoood the Conjurer (level 6, -2/33 HPs)
             Began as a Deep Elf Conjurer on Aug 31, 2021.
             Slain by an ogre (28 damage)
             ... on level 4 of the Dungeon.
             The game lasted 00:12:53 (4285 turns).

r3algoood the Conjurer (Deep Elf Conjurer)          Turns: 4285, Time: 00:12:53

Health: -2/33      AC:  3    Str:  4    XL:     6   Next: 37%
Magic:  13/16      EV: 12    Int: 25    God:
Gold:   184        SH:  0    Dex: 13    Spells: 13/16 levels left

rFire    + . .     SeeInvis +   n - +2 dagger (freeze)
rCold    x . .     Faith    .   (no shield)
rNeg     . . .     Spirit   .   a - +0 robe
rPois    .         Reflect  .   (no helmet)
rElec    .         Harm     .   q - scarf {repulsion}
rCorr    .         Rampage  .   (no gloves)
Will     .....                  k - +0 pair of boots
Stlth    ++........             o - amulet of regeneration
HPRegen  1.11/turn              d - ring of fire
MPRegen  0.15/turn              p - ring of see invisible

@: repel missiles
A: no striking features
a: no special abilities


You were on level 4 of the Dungeon.
You visited 1 branch of the dungeon, and saw 4 of its levels.

You collected 184 gold pieces.

Inventory:

Hand Weapons
 n - a +2 dagger of freezing (weapon)
Armour
 a - a +0 robe (worn)
 k - a +0 pair of boots (worn)
 m - a +2 scale mail of fire resistance
 q - a scarf of repulsion (worn)
Jewellery
 d - a ring of fire (left hand)
 g - an amulet of guardian spirit
 o - an amulet of regeneration (around neck)
 p - a ring of see invisible (right hand)
Scrolls
 e - 3 scrolls of identify {unknown}
 f - a scroll of enchant armour {unknown}
 h - 2 scrolls of teleportation {unknown}
Potions
 b - a potion of mutation {unknown}
 c - 2 potions of curing {unknown}
 i - a potion of heal wounds {unknown}
 j - a potion of attraction {unknown}
 l - 2 potions of might {unknown}


   Skills:
 + Level 0.5 Fighting
 + Level 0.2 Short Blades
 + Level 3.0 Dodging
 + Level 3.6 Stealth
 + Level 5.6 Spellcasting
 + Level 6.6 Conjurations


You had 13 spell levels left.
You knew the following spells:

 Your Spells              Type           Power      Damage    Failure   Level
a - Magic Dart            Conj           100%       1d8       1%          1
b - Searing Ray           Conj           80%        3d6       1%          2

Your spell library contained the following spells:

 Spells                   Type           Power      Damage    Failure   Level
 Static Discharge         Conj/Air       23%        N/A       3%          2
 Dazzling Flash           Conj/Hex       46%        N/A       6%          3
 Beastly Appendage        Tmut           14%        N/A       8%          1
 Wereblood                Tmut           7%         N/A       12%         2
 Fulminant Prism          Conj/Hex       11%        3d9       21%         4
 Iskenderun's Mystic Bla  Conj/Tloc      23%        2d6       21%         4
 Spider Form              Tmut/Pois      3%         N/A       22%         3
 Lightning Bolt           Conj/Air       11%        1d24      50%         5
 Maxwell's Capacitive Co  Air            3%         ∞         100%        8


Dungeon Overview and Level Annotations

Branches:
Dungeon (4/15)
 Temple: D:4-7

Altars:
Elyvilon
Uskayaw
Vehumet
Xom

Shops:
D:3 [


Message History

Unknown command.
Found a ring mail.
Found a stone staircase leading down.
Things that are here:
a +0 giant club; a scorpion corpse; an ogre corpse
Things that are here:
a +0 giant club; a scorpion corpse; an ogre corpse You start resting.
Magic restored.
Found 27 stones.
Found 19 gold pieces and 15 stones.
Found 2 gold pieces.
Found 4 gold pieces.
You open the door.
Found 8 gold pieces.
Found a shimmering altar of Xom.
There is an open door here.
You now have 159 gold pieces (gained 8).
There is a shimmering altar of Xom here.
You see here 15 stones.
You now have 170 gold pieces (gained 11).
You now have 178 gold pieces (gained 8).
You now have 180 gold pieces (gained 2).
You now have 184 gold pieces (gained 4).
There is a shimmering altar of Xom here.
There is an open door here.
An ogre comes into view. It is wielding a +0 giant club.
The ogre shouts!
The ogre hits you with a +0 giant club! The ogre barely misses you.
Casting: Searing Ray (safe; 1% risk of failure)
Confirm with . or Enter, or press ? or * to list all spells.
Aiming: Searing Ray (safe; 1% risk of failure)
Press: ? - help, Shift-Dir - straight line, f - ogre
Aim: an ogre, wielding a +0 giant club (91% to hit)
The searing ray hits the ogre.
The ogre is lightly wounded. (Press . to maintain the ray.)
The searing ray misses the ogre.
The ogre hits you with a +0 giant club!!
Ouch! That really hurt!
You die...

. #..#######.####
#.#..#.....#.....
.....#.....#.##
#...(#.._.(#.# #########
###..#.....#.# #........
.....#.....#.###.#######
>....###'###..##.#
..............##O#
......##..###.##@#
......##.........#
.........######..#
.......###### #..#
.......####.###..#
.......).....##..#
#......####.###..#
.......# #......#
.....[.# #####.#######


You could see an ogre.

Vanquished Creatures
  An ogre (D:4)
  A scorpion (D:4)
  A hound (D:4)
  Terence (D:3)
  A scorpion zombie (D:3)
  Robin (D:3)
  A gnoll (D:1)
  2 adders (D:2)
  2 worms
  2 dart slugs (D:3)
  2 orcs (D:3)
  8 ball pythons
  7 bats
  4 endoplasms
  2 giant cockroaches
  12 hobgoblins
  2 jackals (D:1)
  5 quokkas
  4 frilled lizards (D:1)
  13 goblins
  4 kobolds
  6 rats
82 creatures vanquished.

Notes
Turn   | Place    | Note
-------+----------+-------------------------------------------
     0 | D:1      | r3algoood the Deep Elf Conjurer began the quest for the
                  | Orb.
     0 | D:1      | Reached XP level 1. HP: 10/10 MP: 6/6
     2 | D:1      | Noticed a spriggan
     2 | D:1      | Noticed a draconian
     4 | D:1      | Noticed a barachi
     4 | D:1      | Noticed a human
     6 | D:1      | Noticed a palentonga
     6 | D:1      | Noticed a vine stalker
     8 | D:1      | Noticed a troll
     8 | D:1      | Noticed a gargoyle
    10 | D:1      | Noticed a dwarf
    10 | D:1      | Noticed a minotaur
    12 | D:1      | Noticed a demonspawn
    14 | D:1      | Noticed a tengu
    16 | D:1      | Noticed an elf
    16 | D:1      | Noticed a vampire
    18 | D:1      | Noticed an ogre
    18 | D:1      | Noticed a felid
    20 | D:1      | Noticed a demigod
    20 | D:1      | Noticed an octopode
    23 | D:1      | Noticed a djinni
    25 | D:1      | Noticed a ghoul
    25 | D:1      | Noticed a formicid
    27 | D:1      | Noticed a merfolk
    27 | D:1      | Noticed a naga
   202 | D:1      | Reached XP level 2. HP: 9/15 MP: 6/8
   428 | D:1      | Reached skill level 5 in Conjurations
   635 | D:1      | Reached XP level 3. HP: 19/19 MP: 7/9
  2121 | D:2      | Reached XP level 4. HP: 22/24 MP: 4/11
  2249 | D:3      | Found a white marble altar of Elyvilon.
  2249 | D:3      | Noticed Terence
  2356 | D:2      | Learned a level 2 spell: Searing Ray
  2379 | D:3      | Killed Terence
  2508 | D:3      | Reached skill level 6 in Conjurations
  2603 | D:3      | Found a hide-covered altar of Uskayaw.
  2872 | D:3      | Found a radiant altar of Vehumet.
  3128 | D:3      | Noticed Robin
  3139 | D:3      | Reached XP level 5. HP: 15/28 MP: 2/13
  3402 | D:3      | Killed Robin
  3526 | D:3      | Found Fang's Armour Boutique.
  4134 | D:4      | Noticed an ogre
  4142 | D:4      | Killed an ogre
  4143 | D:4      | Reached skill level 5 in Spellcasting
  4143 | D:4      | Reached XP level 6. HP: 33/33 MP: 9/16
  4233 | D:4      | Found a shimmering altar of Xom.
  4285 | D:4      | Slain by an ogre

Illustrated notes

Levels and vault maps discovered:
D:1:      kb_arrival_jail, layout_loops_ring
D:2:      layout_basic
D:3:      layout_basic, mainiacjoe_overflow_alcove_2,
          mainiacjoe_overflow_concentric_impassable,
          mainiacjoe_overflow_catwalk, serial_shops, nicolae_lakefront_shop,
          grunt_ministairs_13, due_unseen_surprise, uniq_terence, uniq_robin
D:4:      layout_loops_ring, amcnicky_altar_gilded,
          nicolae_overflow_crystal_walls, mainiacjoe_overflow_cross_hatched,
          minivault_4

Skill      XL: |  1  2  3  4  5 |
---------------+----------------+-----
Conjurations   | 5 6 |  6.6
Spellcasting   | 4 5 |  5.6
Stealth        | 3 |  3.6
Dodging        | 3 |  3.0
Fighting       | |  0.5
Short Blades   | |  0.2

Action                   |  1- 3 |  4- 6 || total
-------------------------+-------+-------++-------
Melee: Short sword       |     1 |       ||     1
       Dagger            |       |     4 ||     4
 Cast: Magic Dart        |    81 |    70 ||   151
       Searing Ray       |       |     9 ||     9
Armor: Robe              |     4 |     8 ||    12
Dodge: Dodged            |     9 |    23 ||    32
